 Dungeon Crawl Stone Soup version 0.31-a0-819-gf6de2f5ab6 (webtiles) character file.

Game seed: 17324507105859101901

84 qw the Shooter (level 4, -3/28 HPs)
             Began as a Gargoyle Hunter on Sept 23, 2023.
             Killed from afar by an orc wizard (10 damage)
             ... with a puff of flame
             ... on level 2 of the Dungeon.
             The game lasted 00:00:41 (1531 turns).

qw the Shooter (Gargoyle Hunter)                    Turns: 1531, Time: 00:00:42

Health: -3/28      AC:  8    Str: 14    XL:     4   Next: 46%
Magic:  4/4        EV: 10    Int: 10    God:
Gold:   136        SH:  0    Dex: 15    Spells: 3/3 levels left

rFire   . . .        Y - +0 shortbow
rCold   . . .        (shield currently unavailable)
rNeg    + . .        g - +0 ring mail
rPois   inf          (no helmet)
rElec   +            (no cloak)
rCorr   .            (no gloves)
SInv    .            (no boots)
Will    .....        (no amulet)
Stlth   +            (no ring)
HPRegen 0.24/turn    (no ring)
MPRegen 0.09/turn

%: no passive effects
@: no status effects
A: sickness immunity, AC +3, negative energy resistance 1, electricity
resistance, torment resistance 1, petrification resistance
a: no special abilities


You were on level 2 of the Dungeon.
You visited 1 branch of the dungeon, and saw 3 of its levels.

You collected 136 gold pieces.


Innate Abilities, Weirdness & Mutations

You are immune to sickness and miasma.
Your stone body is resilient. (AC +3)
You are immune to poison.
You resist negative energy. (rN+)
You are resistant to electric shocks. (rElec)
You are resistant to unholy torment.
You are immune to petrification.


   Skills:
 - Level 3.4 Fighting
 + Level 5.0 Ranged Weapons
 - Level 1.0 Armour
 - Level 1.5 Dodging
 - Level 1.1 Stealth


You had 3 spell levels left.
You didn't know any spells.
Your spell library was empty.

Inventory:

Hand Weapons
 Y - a +0 shortbow (weapon)
Armour
 g - a +0 ring mail (worn)
Jewellery
 e - a ring of ice
Scrolls
 a - a scroll of identify
Potions
 b - a potion of resistance {unknown}
 c - a potion of haste {unknown}
 d - a potion of invisibility {unknown}
 f - a potion of curing

Dungeon Overview and Level Annotations

Branches:
Dungeon (3/15)

Altars:


Message History

Reactivating autopickup.
There is a stone staircase leading down here.
You start resting.
Something hits you but does no damage.
Deactivating autopickup; reactivate with Ctrl-A.
You shoot an arrow. Something hits you. x2
You shoot an arrow. Something hits you but does no damage.
You shoot an arrow. Something hits you but does no damage.
You shoot an arrow. Something hits you.
You shoot an arrow. Something hits you but does no damage.
You shoot an arrow.
You hear some strange, mumbled words.
Something tries to affect you, but you resist.
Something hits you.
You shoot an arrow. Something hits you but does no damage.
You shoot an arrow. Something hits you but does no damage.
You shoot an arrow. Something hits you but does no damage.
You shoot an arrow. Something hits you but does no damage.
You shoot an arrow. Something hits you. Something hits you but does no damage.
You shoot an arrow. Something hits you but does no damage.
You shoot an arrow.
You hear some strange, mumbled words.
A puff of flame appears from out of thin air!
The puff of flame hits you.
You shoot an arrow.
You hear some strange, mumbled words.
A puff of flame appears from out of thin air!
The puff of flame hits you!
You die...

######## ########......#
#........####.####
#........#.......#
#........##.#.#.#######
#........##.#.#(......# ######
#........##.#.#..####.# #.....
#........##.#+#.)####.# #.#...
..............(.@..#..# #.#.#.
...............{.#.#.## #.#.#.
####....####(....#.#.##### #.#.#.
......#........#...#.(...# #...#.
#######.########.#######.#######.
#### #........#.........##......
...# #.......[#..#####..##.#####
...# #........#..#####..##.##...
...## #........+....#....##.##.##


There were no monsters in sight!

Vanquished Creatures
  An orc wizard (D:3)
  An adder (D:2)
  A worm (D:2)
  An orc (D:3)
  3 ball pythons
  2 bats (D:2)
  6 endoplasms
  A giant cockroach (D:3)
  6 goblins
  5 hobgoblins
  A quokka (D:1)
  4 frilled lizards
  7 kobolds
  5 rats
44 creatures vanquished.

Notes
Turn   | Place    | Note
-------+----------+-------------------------------------------
     0 | D:1      | qw the Gargoyle Hunter began the quest for the Orb.
     0 | D:1      | Reached XP level 1. HP: 12/12 MP: 1/1
     0 | D:1      | 0 ||| qw: Version: 0.3-a-83-gcd0e7d8
     0 | D:1      | 0 ||| qw: Game counter: 1532
     0 | D:1      | 0 ||| qw: Melee chars always use a shield: true
     0 | D:1      | 0 ||| qw: God list: Okawaru
     0 | D:1      | 0 ||| qw: Allow faded altars: false
     0 | D:1      | 0 ||| qw: Do Orc after clearing Dungeon:15 true
     0 | D:1      | 0 ||| qw: Do second Lair branch before Depths: true
     0 | D:1      | 0 ||| qw: Lair rune preference: random
     0 | D:1      | 0 ||| qw: Goals: Normal
     0 | D:1      | 0 ||| PLANNING D:1-11
    46 | D:1      | You fall into a shaft and drop 1 floor!
    49 | D:2      | 49 ||| DROPPING scroll of butterflies.
   111 | D:1      | Reached XP level 2. HP: 7/17 MP: 2/2
   566 | D:1      | 566 ||| UPGRADING to +0 ring mail.
   576 | D:1      | 576 ||| DROPPING +0 leather armour.
   577 | D:1      | 577 ||| READING 2 scrolls labelled BAMEKU BEAK.
   578 | D:1      | 578 ||| READING scroll labelled QOXZOSM RECA.
   579 | D:1      | 579 ||| DRINKING 2 grey potions.
   631 | D:2      | Reached XP level 3. HP: 21/21 MP: 3/3
   694 | D:2      | Reached skill level 1 in Armour
   812 | D:2      | Reached skill level 5 in Ranged Weapons
  1133 | D:2      | 1133 ||| READING scroll labelled EVECAHIYGO.
  1134 | D:2      | 1134 ||| DRINKING 2 bubbling orange potions.
  1239 | D:2      | 1239 ||| DROPPING potion of berserk rage.
  1286 | D:3      | 1286 ||| DRINKING 3 potions of curing.
  1286 | D:3      | 1286 ||| (to cure confusion)
  1296 | D:3      | Reached skill level 3 in Fighting
  1296 | D:3      | Reached XP level 4. HP: 12/28 MP: 4/4
  1475 | D:3      | 1475 ||| FLEEEEING.
  1479 | D:3      | 1479 ||| FLEEEEING.
  1480 | D:3      | 1480 ||| DRINKING 2 potions of curing.
  1480 | D:3      | 1480 ||| (to cure confusion)
  1481 | D:3      | 1481 ||| FLEEEEING.
  1482 | D:3      | 1482 ||| FLEEEEING.
  1483 | D:3      | 1483 ||| STAIRDANCE
  1515 | D:3      | 1515 ||| STAIRDANCE
  1530 | D:2      | HP: 6/28 [something/puff of flame (6)]
  1531 | D:2      | Killed from afar by an orc wizard

Levels and vault maps discovered:
D:1:      psy_arrival_whirlpool, layout_loops_ring
D:2:      layout_basic, fountainhead, grunt_decor_fettered
D:3:      layout_loops_ring

Skill      XL: |  1  2  3 |
---------------+----------+-----
Armour         | 1 |  1.0
Ranged Weapons | 5 |  5.0
Fighting       | 3 |  3.4
Dodging        | |  1.5
Stealth        | |  1.1

Action                     |  1- 3 |  4- 6 || total
---------------------------+-------+-------++-------
   Fire: Shortbow          |   125 |    35 ||   160
    Use: Scroll            |     3 |       ||     3
         Potion            |     3 |     1 ||     4
 Armour: Leather armour    |    17 |       ||    17
         Ring mail         |    28 |    32 ||    60
  Dodge: Dodged            |    30 |     8 ||    38

Table legend:
 A = Non-vault XP
 B = Vault XP
 C = Vault XP percentage of total XP
 D = Non-vault monster count
 E = Vault monster count
 F = Vault count percentage of total count
                 A         B        C        D         E       F
            +---------+---------+-------+---------+---------+-------
      Total |     121 |       0 |   0.0 |      44 |       0 |   0.0
            +---------+---------+-------+---------+---------+-------
        D:1 |      33 |       0 |   0.0 |      21 |       0 |   0.0
        D:2 |      40 |       0 |   0.0 |      15 |       0 |   0.0
        D:3 |      48 |       0 |   0.0 |       8 |       0 |   0.0
            +---------+---------+-------+---------+---------+-------
